AoeStats
← Yaumy

MegaRandom

508024933Analyzed
2v2 RM · 13d ago on Sep 20, 2026· 50m 1s· 4 players
Game mode
Random Map
Map size
Medium (4 player)
Population
200
Speed
Normal
Resources
Standard
Victory
Conquest
Starting age
Dark Age
Ending age
Imperial Age
RankedLock teamsTeams togetherTeam positionsShared explorationLock speedFull tech treeHidden civsTurbo modeCheats
Victory
Defeat
🇩🇪 Bulgarians · Germany
1940
+3
🇦🇹 Inca · Austria
1880
+3
🇫🇷 Vikings · France
1538
-3
🇫🇷 Turks · France
1538
-3
Hasman
6:31 Loom
9:15 Feudal Age
9:55 Double-Bit Axe
14:07 Horse Collar
16:02 Fletching
18:00 Padded Archer Armor
21:06 Castle Age
19:47 Gold Mining
22:14 Crossbowman
22:20 Pikeman
23:42 Bodkin Arrow
23:51 Town Watch
26:05 Bow Saw
27:58 Leather Archer Armor
29:12 Ballistics
30:18 Scale Mail Armor
31:54 Gold Shaft Mining
32:34 Squires
33:04 Thumb Ring
39:00 Imperial Age
38:08 Heavy Plow
38:45 Wheelbarrow
39:07 Arbalester
40:10 Bracer
41:34 Conscription
42:21 Chemistry
42:22 Ring Archer Armor
42:50 Chain Mail Armor
43:55 Plate Mail Armor
43:02 Halberdier
45:55 Forging
45:52 Guard Tower
46:25 Masonry
49:36 Keep
48:46 Arrowslits
LuckAss105
6:45 Loom
9:25 Feudal Age
10:07 Double-Bit Axe
12:07 Horse Collar
16:22 Scale Barding Armor
22:31 Castle Age
22:45 Bloodlines
23:54 Forging
24:20 Husbandry
25:07 Wheelbarrow
27:19 Chain Barding Armor
31:30 Gold Mining
34:47 Iron Casting
35:26 Bow Saw
37:14 Light Cavalry
37:50 Town Watch
39:17 Hand Cart
39:31 Fletching
45:49 Imperial Age
46:25 Heavy Plow
47:10 Plate Barding Armor
46:10 Cavalier
46:48 Hussar
50:31 Blast Furnace
50:20 Caravan
WILLIAM WILTZ
6:37 Loom
8:55 Feudal Age
9:33 Double-Bit Axe
10:56 Horse Collar
16:10 Scale Barding Armor
17:00 Forging
18:40 Bloodlines
23:15 Castle Age
21:33 Gold Mining
24:22 Chain Barding Armor
24:09 Husbandry
25:56 Wheelbarrow
30:57 Bow Saw
33:41 Stone Mining
35:58 Fletching
40:19 Imperial Age
39:34 Iron Casting
40:24 Cavalier
42:46 Plate Barding Armor
43:57 Blast Furnace
43:08 Caravan
Yaumy
7:04 Loom
9:24 Feudal Age
10:07 Double-Bit Axe
15:56 Fletching
17:24 Padded Archer Armor
22:47 Castle Age
21:45 Horse Collar
22:00 Gold Mining
23:37 Bodkin Arrow
23:02 Crossbowman
25:04 Bow Saw
26:49 Leather Archer Armor
27:22 Ballistics
29:54 Stone Mining
30:44 Heavy Plow
36:28 Imperial Age
35:56 Gold Shaft Mining
35:08 Town Watch
37:20 Bracer
37:53 Arbalester
39:22 Bogsveigar
40:57 Ring Archer Armor
42:59 Chemistry
43:27 Town Patrol
45:16 Caravan
Connection lost

Rejoining the realm…

Still unreachable

The connection could not be restored.

Session expired

The server has moved on; the page needs a fresh start.